 Dungeon Crawl Stone Soup version 0.21-a0-536-gdbbf329 (webtiles) character file.

26 teukkam the Covered (level 3, -5/31 HPs)
             Began as a Gnoll Wanderer on Dec 14, 2017.
             Slain by a wight
             ... wielding a cursed +4 short sword of freezing
              (7 damage)
             ... on level 2 of the Dungeon.
             The game lasted 00:03:27 (1217 turns).

teukkam the Covered (Gnoll Wanderer)                Turns: 1217, Time: 00:03:28

Health: -5/31      AC:  2    Str: 17    XL:     3   Next: 8%
Magic:  3/3        EV: 11    Int: 12    God:
Gold:   35         SH:  0    Dex: 11    Spells: 3/3 levels left

rFire    . . .     SeeInvis .   a - +0 falchion
rCold    . . .     Gourm    .   (no shield)
rNeg     . . .     Faith    .   e - +0 robe
rPois    .         Spirit   .   (no helmet)
rElec    .         Reflect  .   (no cloak)
rCorr    .         Harm     .   (no gloves)
MR       .....                  (no boots)
Stlth    ++........             (no amulet)
HPRegen  0.10/turn              i - -3 ring of dexterity (curse)
MPRegen  0.08/turn              (no ring)

@: very slightly contaminated, drained
A: distributed training, fangs 1, strong nose
a: no special abilities


You were on level 2 of the Dungeon.
You were not hungry.

You visited 1 branch of the dungeon, and saw 2 of its levels.

You collected 35 gold pieces.

Inventory:

Hand Weapons
 a - a +0 falchion (weapon)
 c - a +0 hand axe
 d - a +2 dagger
Missiles
 h - 23 sling bullets
Armour
 e - a +0 robe (worn)
Jewellery
 i - a cursed -3 ring of dexterity (left hand)
Scrolls
 j - 2 scrolls of identify
Potions
 k - a potion of resistance {unknown}
 l - a potion of might {unknown}
 m - a potion of agility {unknown}
Comestibles
 f - 2 bread rations
 g - a royal jelly
 n - a fruit


   Skills:
 + Level 4.5(4.2) Fighting
 + Level 0.6(0.3) Short Blades
 + Level 4.5(4.2) Long Blades
 + Level 0.6(0.3) Axes
 + Level 0.6(0.3) Maces & Flails
 + Level 0.6(0.3) Polearms
 + Level 0.6(0.3) Staves
 + Level 0.6(0.3) Slings
 + Level 0.6(0.3) Bows
 + Level 4.5(4.2) Crossbows
 + Level 0.6(0.3) Throwing
 + Level 4.5(4.2) Armour
 + Level 0.6(0.3) Dodging
 + Level 4.1(3.8) Stealth
 + Level 0.6(0.3) Shields
 + Level 0.6(0.3) Unarmed Combat
 + Level 0.6(0.3) Spellcasting
 + Level 0.4(0.1) Conjurations
 + Level 0.4(0.1) Hexes
 + Level 0.4(0.1) Charms
 + Level 0.4(0.1) Summonings
 + Level 0.4(0.1) Necromancy
 + Level 0.4(0.1) Translocations
 + Level 0.4(0.1) Transmutations
 + Level 0.4(0.1) Fire Magic
 + Level 0.4(0.1) Ice Magic
 + Level 0.4(0.1) Air Magic
 + Level 0.4(0.1) Earth Magic
 + Level 0.4(0.1) Poison Magic
 + Level 0.8(0.5) Invocations
 + Level 0.6(0.3) Evocations


You had 3 spell levels left.
You didn't know any spells.

Dungeon Overview and Level Annotations

Branches:
Dungeon (2/15)

Altars:
Qazlal
Trog


Innate Abilities, Weirdness & Mutations

Your experience applies equally to all skills.
You have very sharp teeth.
Your uncanny sense of smell can sniff out nearby items.


Message History

You see here a leopard gecko corpse.
You closely miss the leopard gecko. Your punch misses the leopard gecko.
The leopard gecko hisses menacingly.
The leopard gecko barely misses you.
You barely miss the leopard gecko. The leopard gecko closely misses you.
You slash the leopard gecko!
You kill the leopard gecko!
The wight hits you with a short sword of freezing!
* * * LOW HITPOINT WARNING * * *
You feel drained.
* * * LOW HITPOINT WARNING * * *
The wight freezes you.
* * * LOW HITPOINT WARNING * * *
You hit the wight.
The wight is moderately damaged.
The wight closely misses you.
You hit the wight.
The wight is moderately damaged.
The wight hits you with a short sword of freezing!
You die...

## *,,,#..##.)........,,,**#....,
* *...##......#######****##.#.#*
** *<.......##.# *#....*
,***...####.##.# *,...###
,,*,,,,* #..#.#* #####,#.....
*,,,,,,* ##.#..## #...,,#..#.#
*,,***** #.##..## ##.#####.....
,,,*** #..##..###..##........
,*,,,*** ##...@z..)........#.#.
,***,,,*****######.)†#..##...#..r
,* ***,**,,,,.w.........##.......
** *,,,,***###.#..###.†###..#.#
******,,,,,,,,...##...##...#.....
,,,,,,,**,***###**###.......#...#
*****,***,,,*** #......##..##..
****,,* ***,,,** #......##....##
**,,,** ***,,** #.....$##......


You could see a wight.

Vanquished Creatures
  A dart slug (D:1)
  2 leopard geckos (D:2)
  2 goblins
  4 hobgoblins
  3 jackals (D:1)
  2 kobolds (D:1)
  3 bats
  3 rats (D:1)
20 creatures vanquished.

Notes
Turn   | Place    | Note
-------+----------+-------------------------------------------
     0 | D:1      | teukkam the Gnoll Wanderer began the quest for the Orb.
     0 | D:1      | teukkam set off with: a +2 dagger, a scroll of blinking, a +0 hand axe, a +0 falchion, a +0 robe, a bread ration
     0 | D:1      | Reached XP level 1. HP: 20/20 MP: 1/1
   665 | D:1      | Reached XP level 2. HP: 18/26 MP: 2/2
   710 | D:1      | HP: 1/26 [bat (1)]
  1167 | D:2      | Noticed a wight
  1178 | D:2      | Found a stormy altar of Qazlal.
  1183 | D:2      | Found a bloodstained altar of Trog.
  1203 | D:2      | Reached XP level 3. HP: 14/31 MP: 3/3
  1215 | D:2      | HP: 1/31 [wight/short sword of freezing (4)]
  1217 | D:2      | Slain by a wight

Vault maps used:
D:1:      dpeg_arrival_brainrot, minmay_tromino_i2
D:2:      grunt_temple_overflow_open, first_bread, minmay_misc_feat_five

Action                   || total
-------------------------++-------
Melee: Falchion          ||    66
       Bite              ||     6
       Dagger            ||     4
       Hand axe          ||     2
  Use: Scroll            ||     4
 Stab: Sleeping          ||     5
  Eat: Chunk             ||     1
Armor: Robe              ||    21
Dodge: Dodged            ||    58
       Rpst.: Falchion   ||    12

Table legend:
 A = Spawn XP
 B = Non-spawn XP
 C = Spawn XP percentage of total XP
 D = Spawn monster count
 E = Non-spawn monster count
 F = Spawn count percentage of total count
 G = Total turns spent on level
                    A         B        C        D         E        F      G
               +---------+---------+-------+---------+---------+-------+---------
         Total |       0 |      38 |   0.0 |       0 |      20 |   0.0 |  1217
               +---------+---------+-------+---------+---------+-------+---------
           D:1 |       0 |      24 |   0.0 |       0 |      14 |   0.0 |  1103
           D:2 |       0 |      14 |   0.0 |       0 |       6 |   0.0 |   114
               +---------+---------+-------+---------+---------+-------+---------
